 Dungeon Crawl Stone Soup version 0.31.0-32-g396128a36d (webtiles) character file.

Game seed: 774665465043665023

169 PaiMei the Grave Robber (level 5, -8/35 HPs)
             Began as a Demonspawn Necromancer on Mar 30, 2024.
             Killed by divine providence
             ... invoked by an orc priest
              (12 damage)
             ... on level 4 of the Dungeon.
             The game lasted 00:04:40 (3005 turns).

PaiMei the Grave Robber (Demonspawn Necromancer)    Turns: 3005, Time: 00:04:40

Health: -8/35      AC:  3    Str:  9    XL:     5   Next: 25%
Magic:  0/9        EV: 12    Int: 17    God:
Gold:   163        SH:  5    Dex: 13    Spells: 2/10 levels left

rFire   . . .        d - +0 short sword
rCold   . . .        (no shield)
rNeg    . . .        a - +0 robe
rPois   .            m - +0 helmet
rElec   .            (no cloak)
rCorr   .            (no gloves)
SInv    .            (no boots)
Will    .....        j - amulet of reflection
Stlth   ++           (no ring)
HPRegen 0.25/turn    (no ring)
MPRegen 0.11/turn

%: reflection
@: no status effects
A: demonic guardian 1, powered by pain 1, weakness stinger 1
a: no special abilities


You were on level 4 of the Dungeon.
You visited 1 branch of the dungeon, and saw 4 of its levels.

You collected 163 gold pieces.

Inventory:

Hand Weapons
 d - a +0 short sword (weapon)
Missiles
 o - 9 poisoned darts (quivered)
Armour
 a - a +0 robe (worn)
 m - a +0 helmet (worn)
Jewellery
 j - an amulet of reflection (around neck)
Scrolls
 e - a scroll of fog {unknown}
 h - 4 scrolls of identify {unknown}
 k - a scroll of amnesia {unknown}
 l - a scroll of revelation {unknown}
 p - 2 scrolls of poison {unknown}
 s - a scroll of vulnerability {unknown}
 t - 2 scrolls of enchant armour {unknown}
Potions
 b - a potion of magic
 c - 2 potions of might {unknown}
 f - 2 potions of curing {unknown}
 g - a potion of ambrosia {unknown}
 i - a potion of haste {unknown}
 n - 2 potions of degeneration {unknown}
 q - a potion of attraction {unknown}
 r - a potion of mutation {unknown}
 u - a potion of lignification {unknown}


   Skills:
 + Level 2.8 Dodging
 + Level 3.0 Stealth
 + Level 3.0 Spellcasting
 + Level 5.2 Necromancy


You had 2 spell levels left.
You knew the following spells:

 Your Spells              Type           Power      Damage    Failure   Level
a - Necrotise             Necr           80%        1d8       1%          1
b - Vampiric Draining     Necr           20%        2d7       6%          3
c - Animate Dead          Necr           20%        N/A       21%         4

Your spell library contained the following spells:

 Spells                   Type           Power      Damage    Failure   Level
 Lesser Beckoning         Tloc           4%         N/A       26%         2
 Gell's Gravitas          Tloc           2%         N/A       45%         3
 Teleport Other           Tloc           2%         N/A       45%         3
 Tukima's Dance           Hex            2%         N/A       45%         3
 Curse of Agony           Necr           20%        N/A       50%         5
 Passage of Golubria      Tloc           2%         N/A       86%         4
 Yara's Violent Unravell  Hex/Alch       1%         3d3       99%         5


Dungeon Overview and Level Annotations

Branches:
Dungeon (4/15)
 Temple: D:4-7

Altars:
Fedhas
Qazlal

Shops:
D:2 [

Annotations:
D:2 Sigmund


Innate Abilities, Weirdness & Mutations

A weak demonic guardian rushes to your aid.
You sometimes gain a little power by taking damage.
You have a small tail.


Message History

Casting: Vampiric Draining (dangerous; 6% risk of failure)
Confirm with . or Enter, or press ? or * to list all spells.
Aiming: Vampiric Draining (dangerous; 6% risk of failure)
Press: ? - help, Shift-Dir - straight line, f/p - orc priest
Aim: an orc priest, wielding a +0 hand axe and wearing a +0 scale mail (moderately wounded)
You draw life force from the orc priest!
You feel life coursing into your body.
The orc priest hits you with a +0 hand axe.
You hear some strange, mumbled words.
A magic dart appears from out of thin air!
The magic dart hits you.
* * * LOW HITPOINT WARNING * * *
Casting: Vampiric Draining (dangerous; 6% risk of failure)
Confirm with . or Enter, or press ? or * to list all spells.
You don't have enough magic to cast this spell.
The orc priest attacks as it pursues you!
The orc priest hits you but does no damage.
Something hits you but does no damage.
Casting: Vampiric Draining (dangerous; 6% risk of failure)
Confirm with . or Enter, or press ? or * to list all spells.
You don't have enough magic to cast this spell.
You hit the orc priest but do no damage.
The orc priest is severely wounded.
The orc priest barely misses you.
You hear some strange, mumbled words.
A puff of flame appears from out of thin air!
The puff of flame hits you.
* * * LOW HITPOINT WARNING * * *
A demonic guardian appears!
Casting: Vampiric Draining (dangerous; 6% risk of failure)
Confirm with . or Enter, or press ? or * to list all spells.
You don't have enough magic to cast this spell.
You hit the orc priest but do no damage.
The orc priest is severely wounded.
The orc priest closely misses you.
Your iron imp hits something.
You hit the orc priest. You tail-slap the orc priest.
The orc priest is almost dead.
The orc priest calls down the wrath of Beogh upon you.
Beogh smites you!
You die...

.... #.# ...# #.#
#.# #.# #.# #######
#.# #..#..# #.#
#..#..#########.#
+...){o@........# ##
#####..5.###########
+. #..'.....#
#.###.#..#..#
#.o...#..#..#
####.....#######
#...........#
....#####......# ..#
#..####


You could see an orc priest (ally target) and a friendly iron imp (summoned).

Vanquished Creatures
  Natasha (D:3)
  Terence (D:3)
  3 adders
  A ribbon worm (D:2)
  An orc (D:4)
  2 bats
  4 endoplasms
  2 giant cockroaches
  4 goblins (D:2)
  10 hobgoblins
  2 quokkas (D:3)
  6 ball pythons
  2 frilled lizards
  7 kobolds
  4 rats
50 creatures vanquished.

Vanquished Creatures (collateral kills)
  Natasha (D:3)
  Robin (D:2)
  3 goblins (D:2)
  A hobgoblin (D:2)
  A ball python (D:4)
  A bat (D:3)
8 creatures vanquished.

Grand Total: 58 creatures vanquished

Notes
Turn   | Place    | Note
-------+----------+-------------------------------------------
     0 | D:1      | PaiMei the Demonspawn Necromancer began the quest for the
                  | Orb.
     0 | D:1      | Reached XP level 1. HP: 13/13 MP: 3/3
   194 | D:1      | Found a faded altar of an unknown god.
   418 | D:1      | Gained mutation: You have a small tail. [demonic ancestry]
   418 | D:1      | Reached XP level 2. HP: 19/19 MP: 3/5
  1077 | D:1      | You fall into a shaft and drop 1 floor!
  1094 | D:2      | Found a stormy altar of Qazlal.
  1181 | D:2      | Noticed Robin
  1245 | D:2      | Found Fuass's Antique Armour Boutique.
  1271 | D:2      | Killed Robin
  1272 | D:2      | Reached XP level 3. HP: 13/24 MP: 0/6
  1465 | D:2      | Noticed Sigmund
  1884 | D:2      | Gained mutation: A weak demonic guardian rushes to your
                  | aid. [demonic ancestry]
  1884 | D:2      | Reached XP level 4. HP: 30/30 MP: 4/7
  2157 | D:3      | Found a blossoming altar of Fedhas.
  2299 | D:3      | Reached skill level 5 in Necromancy
  2406 | D:3      | Noticed Natasha
  2408 | D:3      | Killed Natasha
  2476 | D:3      | Noticed Terence
  2593 | D:3      | Noticed Natasha
  2604 | D:3      | Killed Terence
  2656 | D:3      | Gained mutation: You sometimes gain a little power by
                  | taking damage. [demonic ancestry]
  2656 | D:3      | Reached XP level 5. HP: 24/35 MP: 5/9
  2659 | D:3      | Killed Natasha
  2848 | D:3      | Learned a level 3 spell: Vampiric Draining
  2853 | D:3      | Learned a level 4 spell: Animate Dead
  3005 | D:4      | Killed from afar by an orc priest

Illustrated notes

Levels and vault maps discovered:
D:1:      psy_arrival_terrarium, layout_basic,
          hellmonk_ecumenical_altar_prayer_group
D:2:      layout_basic, serial_shops, nicolae_shop_pleasant_corner_grove,
          basic_altar, uniq_crazy_yiuf_cottage, uniq_sigmund, uniq_robin
D:3:      layout_rooms, old_standard_altar, fedhas_altar_2, serial_bayou_pond_e,
          uniq_natasha, uniq_terence
D:4:      layout_loops_ring, hangedman_ru_absence, minmay_temple_entry_slanted

Skill      XL: |  1  2  3  4  5 |
---------------+----------------+-----
Stealth        | 2 3 |  3.0
Dodging        | 2 |  2.8
Necromancy     | 5 |  5.2
Spellcasting   | 3 |  3.0

Action                     |  1- 3 |  4- 6 || total
---------------------------+-------+-------++-------
  Melee: Short sword       |    17 |     3 ||    20
         Tailslap          |     2 |     1 ||     3
   Cast: Necrotise         |    63 |    42 ||   105
         Vampiric Draining |       |     3 ||     3
 Armour: Robe              |    24 |    24 ||    48
  Dodge: Dodged            |    23 |     8 ||    31
  Block: Other             |     1 |     1 ||     2
